 Dungeon Crawl Stone Soup version 0.25-a0-549-g6e6e6501ad (webtiles) character file.

Game seed: 11669446421762374791, levelgen mode: deterministic

923 BeastOfSaturn the Slasher (level 7, -12/58 HPs)
             Began as a Black Draconian Warper on Feb 23, 2020.
             Was an Initiate of Qazlal.
             Killed by divine providence
             ... invoked by an orc priest
              (13 damage)
             ... on level 6 of the Dungeon.
             The game lasted 00:27:24 (8804 turns).

BeastOfSaturn the Slasher (Black Draconian Warper)  Turns: 8804, Time: 00:27:25

Health: -12/58     AC:  6    Str: 14    XL:     7   Next: 84%
Magic:  10/11      EV: 13    Int: 15    God:    Qazlal [......]
Gold:   250        SH:  0    Dex: 10    Spells: 4/11 levels left

rFire    . . .     SeeInvis .   a - +0 falchion
rCold    . . .     Gourm    .   (no shield)
rNeg     . . .     Faith    .   (armour unavailable)
rPois    .         Spirit   .   (helmet restricted)
rElec    +         Reflect  .   (no cloak)
rCorr    .         Harm     .   (no gloves)
MR       .....     Rnd*Tele +   (no boots)
Stlth    +.........             (no amulet)
HPRegen  0.19/turn              z - ring of teleportation (curse)
MPRegen  0.12/turn              (no ring)

@: very slightly contaminated
A: breathe lightning, unfitting armour, electricity resistance, cold-blooded, AC
+6
a: Breathe Lightning, Renounce Religion


You were on level 6 of the Dungeon.
You worshipped Qazlal.
Qazlal was noncommittal.
You were not hungry.

You visited 2 branches of the dungeon, and saw 7 of its levels.
You also visited: Sewer.

You collected 250 gold pieces.

Inventory:

Hand Weapons
 a - a +0 falchion (weapon)
Missiles
 m - 5 silver javelins
 v - a javelin (quivered)
Jewellery
 z - a cursed ring of teleportation (left hand)
Wands
 d - a wand of acid (11)
 j - a wand of random effects (16)
Scrolls
 c - 3 scrolls of blinking
 e - a scroll of noise {unknown}
 g - a scroll of amnesia {unknown}
 k - a scroll of random uselessness {unknown}
 o - a scroll of fear {unknown}
 q - 2 scrolls of remove curse
 u - a scroll of enchant armour {unknown}
 w - a scroll of immolation {unknown}
 y - a scroll of enchant weapon {unknown}
Potions
 b - a potion of mutation
 h - a potion of berserk rage
 i - a potion of heal wounds
 n - a potion of might {unknown}
 p - a potion of curing {unknown}
 r - a potion of magic {unknown}
 s - a potion of brilliance {unknown}
 t - 3 potions of haste
 x - a potion of flight {unknown}
Comestibles
 f - 5 rations


   Skills:
 + Level 3.9 Fighting
 * Level 6.6 Long Blades
 + Level 1.8 Throwing
 + Level 4.0 Dodging
 + Level 2.8 Spellcasting
 - Level 0.3 Charms
 * Level 4.0 Translocations


You had 4 spell levels left.
You knew the following spells:

 Your Spells              Type           Power        Failure   Level  Hunger
a - Blink                 Tloc           N/A          6%          2    ##.....
b - Shroud of Golubria    Chrm/Tloc      #.....       13%         2    ##.....
c - Teleport Other        Tloc           ##......     12%         3    ###....

Your spell library contained the following spells:

 Spells                   Type           Power        Failure   Level  Hunger
 Gell's Gravitas          Tloc           ##........   12%         3    ###....
 Lesser Beckoning         Tloc           ##........   12%         3    ###....
 Passage of Golubria      Tloc           N/A          36%         4    #####..


Dungeon Overview and Level Annotations

Branches:
Dungeon (6/15)             Temple (1/1) D:4           Sewer (visited)

Altars:
Ashenzari
Cheibriados
Elyvilon
Fedhas
Gozag
Hepliaklqana
Kikubaaqudgha
Makhleb
Okawaru
Qazlal
Ru
Trog
Uskayaw
Vehumet
Wu Jian
Yredelemnul
Zin
The Shining One

Shops:
D:4 [

Annotations:
D:6 Maggie


Innate Abilities, Weirdness & Mutations

You can breathe wild blasts of lightning.
Your glossy black scales are hard. (AC +6)
You cannot fit into any form of body armour.
You are resistant to electric shocks. (rElec)
You are cold-blooded and may be slowed by cold attacks.


Message History

* * * LOW HITPOINT WARNING * * *
The weapon returns to the orc!
The orc priest mumbles some strange prayers to Beogh against you.
Beogh smites you!
* * * LOW HITPOINT WARNING * * *
You open the door. The orc priest completely misses you.
You riposte.
You hit the orc priest.
The orc priest is lightly wounded.
The orc wizard mumbles some strange words.
The orc wizard flickers and vanishes!
There is an open door here.
The orc throws a boomerang.
The boomerang misses you.
The weapon returns to the orc!
The orc wizard gestures wildly while chanting.
The orc wizard flickers and vanishes!
You fail to use your ability.
The orc priest hits you with a +0 mace.
* * * LOW HITPOINT WARNING * * *
The orc priest calls down the wrath of Beogh upon you.
Beogh smites you!
You die...

#... #... #.o #
#.o #. #.# #.##
#.# ...
####'####.##
#.##.oo........
#.@o..oo.......
####...........
############


You could see 2 orc priests and 3 orcs.

Vanquished Creatures
  A phantom (D:5)
  Blork the orc (D:6)
  2 bullfrogs (D:6)
  A scorpion (D:4)
  A bullfrog zombie (D:5)
  A jelly (D:2)
  A bullfrog skeleton (D:4)
  A hound (D:4)
  An iguana (D:5)
  4 worker ants
  A hound zombie (D:6)
  A worker ant zombie (D:5)
  3 gnolls (D:6)
  13 adders
  2 river rats (D:4)
  2 oozes
  An adder zombie (D:5)
  5 worms
  5 dart slugs
  4 leopard geckos
  2 orcs
  7 ball pythons
  5 bats
  2 giant cockroaches
  13 hobgoblins
  28 jackals
  11 kobolds
  4 quokkas
  11 frilled lizards
  7 goblins
  A leopard gecko skeleton (D:4)
  9 rats
  A plant (Sewer)
152 creatures vanquished.

Vanquished Creatures (others)
  A plant (Sewer)
1 creature vanquished.

Grand Total: 153 creatures vanquished

Notes
Turn   | Place    | Note
-------+----------+-------------------------------------------
     0 | D:1      | BeastOfSaturn the Draconian Warper began the quest for the
                  | Orb.
     0 | D:1      | Reached XP level 1. HP: 17/17 MP: 3/3
   147 | D:1      | Reached XP level 2. HP: 9/24 MP: 5/5
   789 | D:1      | Reached XP level 3. HP: 29/30 MP: 6/6
  1287 | D:2      | Learned a level 2 spell: Blink
  1290 | D:2      | Learned a level 2 spell: Shroud of Golubria
  1298 | D:2      | Reached skill level 3 in Long Blades
  1326 | D:2      | Reached XP level 4. HP: 22/37 MP: 5/7
  2236 | D:2      | Reached XP level 5. HP: 24/42 MP: 5/8
  2494 | D:2      | Reached skill level 4 in Long Blades
  2904 | D:3      | Found a bloodstained altar of Trog.
  3006 | D:3      | Reached skill level 1 in Throwing
  3307 | D:3      | Learned a level 3 spell: Teleport Other
  3688 | D:4      | Found a glowing drain.
  3740 | Sewer    | Entered a sewer
  4491 | Sewer    | Reached XP level 6. HP: 50/50 MP: 10/10
  4839 | D:4      | HP: 2/51 [poisoned by a scorpion]
  4847 | D:4      | HP: 2/51 [poisoned by a scorpion]
  5437 | D:4      | Found Betel's Armour Shop.
  5594 | D:4      | Found a staircase to the Ecumenical Temple.
  5601 | Temple   | Entered the Ecumenical Temple
  5743 | D:4      | Reached skill level 5 in Long Blades
  6255 | D:4      | Found a hazy altar of Hepliaklqana.
  6329 | D:5      | Entered Level 5 of the Dungeon
  6997 | D:5      | Your scales start taking on a glossy black colour.
  6997 | D:5      | Reached XP level 7. HP: 45/57 MP: 11/11
  6997 | D:5      | Gained mutation: You are resistant to electric shocks.
                  | (rElec) [Black Draconian growth]
  7555 | D:5      | Found a stormy altar of Qazlal.
  7566 | D:5      | Became a worshipper of Qazlal Stormbringer
  7780 | D:6      | Reached skill level 6 in Long Blades
  7832 | D:6      | Found a white marble altar of Elyvilon.
  8316 | D:6      | Noticed Blork the orc
  8347 | D:6      | Noticed Maggie
  8530 | D:6      | Killed Blork the orc
  8804 | D:6      | HP: 1/58 [orc priest/+0 mace (6)]
  8804 | D:6      | Killed from afar by an orc priest

Levels and vault maps discovered:
D:1:      lightli_arrival_chessboard, layout_loops_ring
D:2:      layout_basic, first_ration, kennysheep_generic_room_15
D:3:      layout_basic, nicolae_overflow_crystal_walls
D:4:      layout_basic, marbit_many_paths, minmay_temple_entry_wispy,
          portal_sewer_entry_a, serial_shops, shop
D:5:      layout_loops_ring, kennysheep_mini_moat, abandoned_shop, st_stairs_9,
          feat_on_display, uniq_crazy_yiuf_cottage
D:6:      layout_basic, basic_altar, uniq_blork_the_orc, uniq_duvessa,
          uniq_maggie
Temple:   eino_temple_scatter_basement

Skill      XL: |  1  2  3  4  5  6  7 |
---------------+----------------------+-----
Long Blades    | 3 4 5 6 |  6.6
Throwing       | 1 |  1.8
Dodging        | 3 4 |  4.0
Fighting       | 3 |  3.9
Translocations | 4 |  4.0
Spellcasting   | |  2.8
Charms         | |  0.3

Action                   |  1- 3 |  4- 6 |  7- 9 || total
-------------------------+-------+-------+-------++-------
Melee: Falchion          |   104 |   421 |   175 ||   700
       Tailslap          |    10 |    57 |    16 ||    83
Throw: Javelin           |       |    51 |     3 ||    54
       Boomerang         |       |     2 |       ||     2
 Cast: Shroud of Golubri |     1 |    13 |     2 ||    16
       Blink             |       |       |     1 ||     1
 Abil: Breathe Lightning |       |       |     4 ||     4
  Use: Scroll            |       |       |     9 ||     9
  Eat: Chunk             |     1 |    12 |       ||    13
       Ration            |       |     3 |     2 ||     5
Armor: Skin              |    28 |   139 |    54 ||   221
Dodge: Dodged            |    66 |   303 |   134 ||   503
       Rpst.: Falchion   |    22 |   106 |    41 ||   169

Table legend:
 A = Non-vault XP
 B = Vault XP
 C = Vault XP percentage of total XP
 D = Non-vault monster count
 E = Vault monster count
 F = Vault count percentage of total count
                 A         B        C        D         E       F
            +---------+---------+-------+---------+---------+-------
      Total |     998 |     321 |  24.3 |     118 |      33 |  21.9
            +---------+---------+-------+---------+---------+-------
        D:1 |      56 |       0 |   0.0 |      27 |       0 |   0.0
        D:2 |     185 |      15 |   7.5 |      32 |       2 |   5.9
        D:3 |      62 |       0 |   0.0 |      23 |       0 |   0.0
        D:4 |     231 |      29 |  11.2 |      17 |       5 |  22.7
        D:5 |     178 |     138 |  43.7 |       9 |       2 |  18.2
        D:6 |     286 |      91 |  24.1 |      10 |       1 |   9.1
      Sewer |       0 |      48 | 100.0 |       0 |      23 | 100.0
            +---------+---------+-------+---------+---------+-------
